 Dungeon Crawl Stone Soup version 0.26.1-11-gd32895ea62 (webtiles) character file.

Game seed: 2188271306180564646

21633 Eitelfritz the Carver (level 12, -5/110 HPs)
             Began as a Minotaur Gladiator on May 27, 2021.
             Slain by a boulder beetle (19 damage)
             ... on level 11 of the Dungeon.
             The game lasted 00:33:44 (16219 turns).

Eitelfritz the Carver (Minotaur Gladiator)         Turns: 16219, Time: 00:33:45

Health: -5/110     AC: 18    Str: 25    XL:     12   Next: 55%
Magic:  11/11      EV: 15    Int:  8    God:
Gold:   631        SH:  0    Dex: 14    Spells: 11/11 levels left

rFire    . . .     SeeInvis +   a - +1 scimitar (flame)
rCold    + + .     Faith    .   (no shield)
rNeg     . . .     Spirit   .   f - +3 scale mail {rC+}
rPois    .         Reflect  .   c - +0 hat
rElec    .         Harm     .   r - +2 cloak of the Thief {*Fog Slay-2 SInv Stlth+}
rCorr    .         Rampage  .   s - +1 pair of gloves
Will     .....                  (no boots)
Stlth    ++........             j - amulet of magic regeneration
HPRegen  0.28/turn              q - ring of protection from cold
MPRegen  0.37/turn              x - +6 ring of strength

@: no status effects
A: retaliatory headbutt, horns 2
a: no special abilities


You were on level 11 of the Dungeon.
You visited 2 branches of the dungeon, and saw 12 of its levels.
You also visited: Sewer.

You collected 803 gold pieces.
You spent 172 gold pieces at shops.

Inventory:

Hand Weapons
 a - a +1 scimitar of flaming (weapon)
 b - a +0 shortbow
Missiles
 d - 4 throwing nets
 z - 15 javelins (quivered)
 E - 227 arrows
Armour
 c - a +0 hat (worn)
 f - a +3 scale mail of cold resistance (worn)
 p - a +0 buckler
 r - the +2 cloak of the Thief (worn) {*Fog Slay-2 SInv Stlth+}
   (You found it on level 4 of the Dungeon)

   It affects your accuracy and damage with ranged weapons and melee attacks
   (-2).
   It lets you see invisible.
   It makes you more stealthy.
 s - a +1 pair of gloves (worn)
Jewellery
 j - an amulet of magic regeneration (around neck)
 l - an uncursed ring of ice
 o - the ring "Vykoqif" {rPois rF- MP+9 AC+4 Str+4, unknown}
   (You found it on level 10 of the Dungeon)

   [ring of protection]

   It affects your AC (+4).
   It affects your strength (+4).
   It makes you vulnerable to fire.
   It protects you from poison.
   It affects your magic capacity (+9).
 q - a ring of protection from cold (left hand)
 v - an uncursed ring of willpower
 x - a +6 ring of strength (right hand)
Wands
 k - a wand of iceblast (8)
 n - a wand of random effects (69)
 t - a wand of disintegration (10)
 y - a wand of paralysis (12)
 D - a wand of digging (9)
 H - a wand of acid (17)
 I - a wand of flame (5)
Scrolls
 e - 6 scrolls of remove curse
 h - 3 scrolls of teleportation
 m - 3 scrolls of vulnerability {unknown}
 w - a scroll of identify
 B - a scroll of blinking
 C - a scroll of fog
 G - a scroll of fear
 J - a scroll of magic mapping
Potions
 g - a potion of flight
 i - 2 potions of brilliance
 u - 3 potions of lignification
 A - 4 potions of haste
 F - a potion of cancellation
 K - a potion of magic


   Skills:
 + Level 11.3 Fighting
 + Level 14.5 Long Blades
 + Level 4.3 Bows
 + Level 2.4 Throwing
 + Level 11.1 Armour
 + Level 8.4 Dodging
 + Level 3.5 Stealth
 + Level 7.3 Shields


You had 11 spell levels left.
You didn't know any spells.
Your spell library contained the following spells:

 Spells                   Type           Power        Failure   Level
 Animate Skeleton         Necr           0%           65%         1
 Magic Dart               Conj           0%           65%         1
 Pain                     Necr           0%           65%         1
 Searing Ray              Conj           0%           78%         2
 Confusing Touch          Hex            0%           95%         3
 Dazzling Flash           Conj/Hex       0%           95%         3
 Gell's Gravitas          Tloc           0%           95%         3
 Vampiric Draining        Necr           0%           95%         3
 Animate Dead             Necr           0%           100%        4
 Fulminant Prism          Conj/Hex       0%           100%        4
 Iskenderun's Mystic Bla  Conj/Tloc      0%           100%        4
 Petrify                  Tmut/Erth      0%           100%        4
 Agony                    Necr           0%           100%        5
 Metabolic Englaciation   Hex/Ice        0%           100%        5
 Yara's Violent Unravell  Hex/Tmut       0%           100%        5


Dungeon Overview and Level Annotations

Branches:
Dungeon (11/15)            Temple (1/1) D:6            Lair (0/6) D:9
    Orc (0/2) D:10          Sewer (visited)

Altars:
Ashenzari
Cheibriados
Dithmenos
Elyvilon
Fedhas
Gozag
Hepliaklqana
Kikubaaqudgha
Makhleb
Nemelex Xobeh
Okawaru
Qazlal
Ru
Sif Muna
Trog
Uskayaw
Vehumet
Wu Jian
Xom
Yredelemnul
Zin
The Shining One
Beogh

Shops:
D:6 }[

Annotations:
D:10 3 runed translucent doors


Innate Abilities, Weirdness & Mutations

You reflexively headbutt those who attack you in melee.
You have a pair of horns on your head.


Message History

You hit the boulder beetle but do no damage.
The boulder beetle is severely wounded.
The boulder beetle bites you but does no damage.
You hit the boulder beetle. You burn the boulder beetle.
You headbutt the boulder beetle, but do no damage.
The boulder beetle is severely wounded.
The boulder beetle leaps!
The boulder beetle curls into a ball and begins rolling!
The boulder beetle barely misses you. You furiously retaliate!
You headbutt the boulder beetle, but do no damage.
The boulder beetle stops rolling and uncurls.
You completely miss the boulder beetle. You headbutt the boulder beetle.
The boulder beetle is severely wounded.
The boulder beetle barely misses you.
You hit the boulder beetle but do no damage.
The boulder beetle is severely wounded.
You hit the boulder beetle but do no damage.
The boulder beetle is severely wounded.
The boulder beetle bites you!!
You die...

#...# #'###.# ...... #...#
#...#.# ########## #...######
#.#.#.#♣♣♣♣...♣ ♣.. #........#
#.#...#♣.♣♣.♣.♣ ♣.♣
#........#####.#.....♣.♣.♣)♣♣♣♣.♣
#......(.'†).).#.#.#♣♣♣..♣♣.♣.♣♣.
#........####..#...# ♣♣♣♣♣..♣...
#........# #..#B..# ♣.♣####
#........# #..#@### ♣.♣
#........# #..#.# .♣) #........#
#).#.# .♣ ♣ ####.....####..#.# #♣
#.....#.....#.# #######...†...#
#....#..####### #.†.).........#
########.............#


You could see a boulder beetle.

Vanquished Creatures
  Fannar (D:10)
  A boulder beetle (D:9)
  Erica (D:8)
  Urug (D:10)
  6 two-headed ogres
  An unseen horror (D:11)
  An obsidian statue (D:10)
  An ugly thing (D:11)
  A manticore (D:11)
  Joseph (D:8)
  The ghost of mahan the Cleaver, a novice HOBe of Trog (D:5)
  Psyche (D:8)
  The ghost of boysha the Ducker, a novice DsGl (D:6)
  A centaur skeleton (D:10)
  Prince Ribbit (D:7)
  Grinder (D:3)
  The ghost of H0rd4k the Insei, an amateur OpTm of Gozag (D:5)
  A shadow (D:11)
  14 yaks
  Eustachio (D:6)
  Grum (D:10)
  Menkaure (D:7)
  2 soldier ants
  A black bear (D:10)
  8 orc warriors
  3 sky beasts
  4 ice beasts
  2 necrophages
  8 ogres
  2 phantoms
  3 wolves (D:10)
  9 centaurs
  11 big kobolds
  7 bullfrogs
  A wyvern skeleton (D:10)
  19 killer bees
  2 scorpions
  23 wights
  2 howler monkeys (D:9)
  5 electric eels
  A bullfrog zombie (D:10)
  2 centaur zombies (D:7)
  Crazy Yiuf (D:3)
  4 hounds
  2 jellies
  6 orc priests
  3 iguanas
  Ijyb (D:3)
  8 worker ants
  14 orc wizards
  A hound skeleton (D:4)
  A worker ant zombie (D:11)
  3 howler monkey skeletons
  15 adders
  A river rat (Sewer)
  2 shadow imps
  A white imp (D:9)
  3 ufetubi
  2 adder zombies
  7 oozes
  An adder skeleton (D:5)
  2 worms
  4 dart slugs
  6 leopard geckos
  59 orcs
  7 bats
  5 giant cockroaches
  10 goblins
  3 hobgoblins (D:1)
  11 jackals
  18 kobolds
  8 quokkas
  2 ball pythons (Sewer)
  5 frilled lizards
  A quokka skeleton (D:4)
  10 rats
382 creatures vanquished.

Vanquished Creatures (others)
  A boulder beetle (D:11)
  A hound skeleton (D:8)
  2 jackals (D:10)
  2 kobolds (D:10)
  A fungus (D:9)
  11 plants
  6 withered plants (D:5)
24 creatures vanquished.

Grand Total: 406 creatures vanquished

Notes
Turn   | Place    | Note
-------+----------+-------------------------------------------
     0 | D:1      | Eitelfritz the Minotaur Gladiator began the quest for the
                  | Orb.
     0 | D:1      | Reached XP level 1. HP: 18/18 MP: 0/0
   168 | D:1      | Reached XP level 2. HP: 25/25 MP: 1/1
   215 | D:1      | Reached skill level 4 in Long Blades
   626 | D:1      | Reached XP level 3. HP: 29/30 MP: 2/2
  1428 | D:2      | Reached skill level 1 in Armour
  1546 | D:2      | Reached XP level 4. HP: 32/38 MP: 3/3
  1798 | D:2      | Reached skill level 5 in Long Blades
  2132 | D:3      | Noticed Ijyb
  2145 | D:3      | Killed Ijyb
  2146 | D:3      | Reached XP level 5. HP: 43/45 MP: 4/4
  2334 | D:3      | Found a broken altar of Ashenzari.
  2378 | D:3      | Found a glowing silver altar of Zin.
  2416 | D:3      | Found a runed translucent door.
  2417 | D:3      | Noticed Crazy Yiuf
  2499 | D:3      | Noticed Grinder
  2522 | D:3      | Killed Grinder
  2523 | D:3      | Reached skill level 6 in Long Blades
  2523 | D:3      | Reached XP level 6. HP: 17/52 MP: 5/5
  2807 | D:3      | Found a bloodstained altar of Trog.
  2876 | D:3      | Killed Crazy Yiuf
  3570 | D:4      | Found the +2 cloak of the Thief {*Fog Slay-2 SInv Stlth+}
  3587 | D:4      | Reached XP level 7. HP: 44/59 MP: 6/6
  3778 | D:4      | Reached skill level 1 in Shields
  3788 | D:4      | Reached skill level 7 in Long Blades
  3873 | D:4      | Found a shadowy altar of Dithmenos.
  4155 | D:4      | Found a burning altar of Makhleb.
  4155 | D:4      | Noticed a green death
  4190 | D:4      | Found a glowing golden altar of the Shining One.
  4191 | D:4      | Found a hide-covered altar of Uskayaw.
  4511 | D:4      | Found a shimmering altar of Xom.
  4511 | D:4      | Found a blossoming altar of Fedhas.
  4597 | D:5      | Entered Level 5 of the Dungeon
  4647 | D:5      | Found a runed translucent gate.
  4648 | D:5      | Found a runed translucent gate.
  4649 | D:5      | Found a runed translucent gate.
  4666 | D:5      | Noticed H0rd4k's ghost (amateur OpTm)
  4666 | D:5      | Noticed mahan's ghost (novice HOBe)
  4698 | D:5      | Found a glowing drain.
  4795 | Sewer    | Entered a sewer
  4831 | Sewer    | Reached skill level 1 in Stealth
  4994 | Sewer    | Reached skill level 8 in Long Blades
  4994 | Sewer    | Reached XP level 8. HP: 67/67 MP: 7/7
  5010 | Sewer    | Reached skill level 5 in Dodging
  5071 | Sewer    | Reached skill level 5 in Fighting
  5071 | Sewer    | Reached skill level 5 in Armour
  5457 | Sewer    | Reached skill level 9 in Long Blades
  5893 | D:6      | Found Qoraxkisur's Antique Armour Boutique.
  5910 | D:6      | Bought a glowing buckler for 172 gold pieces
  5993 | D:6      | Noticed Eustachio
  6024 | D:6      | Killed Eustachio
  6129 | D:6      | Reached XP level 9. HP: 72/75 MP: 8/8
  6141 | D:6      | You fall into a shaft and drop 1 floor!
  6145 | D:7      | Reached skill level 10 in Long Blades
  6493 | D:6      | Found a runed translucent door.
  6494 | D:6      | Noticed boysha's ghost (novice DsGl)
  6517 | D:6      | Found Buuwu Hirph's Gadget Emporium.
  6689 | D:6      | Found a staircase to the Ecumenical Temple.
  6704 | Temple   | Entered the Ecumenical Temple
  7034 | D:6      | Killed boysha's ghost
  7167 | D:5      | Killed H0rd4k's ghost
  7174 | D:5      | Killed mahan's ghost
  7175 | D:5      | Reached skill level 11 in Long Blades
  7307 | D:7      | Found an iron altar of Okawaru.
  7409 | D:7      | HP: 2/79 [electric eel/bolt of electricity (8)]
  7663 | D:7      | Noticed Menkaure
  7670 | D:7      | Killed Menkaure
  7981 | D:7      | Noticed Prince Ribbit
  8010 | D:7      | Killed Prince Ribbit
  8275 | D:7      | Reached XP level 10. HP: 42/86 MP: 9/9
  8852 | D:8      | Noticed Joseph
  8856 | D:8      | Noticed Erica
  8896 | D:8      | Killed Erica
  8910 | D:8      | Killed Joseph
  9357 | D:8      | Noticed Psyche
  9385 | D:8      | Killed Psyche
  9696 | D:8      | You fall into a shaft and drop 2 floors!
  9696 | D:10     | Entered Level 10 of the Dungeon
  9697 | D:10     | Noticed Grum
  9711 | D:10     | Killed Grum
  9717 | D:10     | Reached skill level 5 in Shields
  9721 | D:10     | Reached skill level 12 in Long Blades
 10035 | D:9      | Found a white marble altar of Elyvilon.
 10382 | D:9      | Noticed a two-headed ogre
 10389 | D:9      | Killed a two-headed ogre
 10410 | D:9      | Found a basalt altar of Yredelemnul.
 10459 | D:9      | Found a staircase to the Lair.
 10653 | D:9      | Noticed a boulder beetle
 10986 | D:9      | Killed a boulder beetle
 10987 | D:9      | Reached XP level 11. HP: 15/95 MP: 10/10
 11594 | D:9      | Noticed a two-headed ogre
 11603 | D:9      | Killed a two-headed ogre
 11734 | D:8      | Found a shimmering blue altar of Sif Muna.
 11765 | D:8      | Reached skill level 13 in Long Blades
 11942 | D:10     | Found a runed translucent door.
 11947 | D:10     | Noticed Urug
 11952 | D:10     | Found a runed translucent door.
 11970 | D:10     | Killed Urug
 12268 | D:10     | Noticed Fannar
 12313 | D:10     | Killed Fannar
 12314 | D:10     | Reached skill level 10 in Armour
 12373 | D:10     | Found a roughly hewn altar of Beogh.
 12616 | D:10     | Noticed a two-headed ogre
 12623 | D:10     | Killed a two-headed ogre
 13223 | D:10     | Found a runed translucent door.
 13250 | D:10     | Reached skill level 10 in Fighting
 13315 | D:10     | Found a runed translucent door.
 13381 | D:10     | Got a bound lead ring
 13483 | D:10     | Noticed a two-headed ogre
 13494 | D:10     | Killed a two-headed ogre
 13965 | D:10     | Found a staircase to the Orcish Mines.
 14142 | D:10     | Noticed an obsidian statue
 14166 | D:10     | Killed an obsidian statue
 14167 | D:10     | Reached skill level 14 in Long Blades
 14355 | D:11     | Reached XP level 12. HP: 107/107 MP: 11/11
 14368 | D:11     | Reached skill level 1 in Bows
 14685 | D:11     | Noticed a two-headed ogre
 14702 | D:11     | Killed a two-headed ogre
 14745 | D:11     | Noticed a boulder beetle
 14769 | D:11     | HP: 5/108 [big kobold/+0 dagger (1)]
 14798 | D:11     | Killed a boulder beetle
 15153 | D:11     | Noticed a two-headed ogre
 15165 | D:11     | Killed a two-headed ogre
 15483 | D:11     | Found a sparkling altar of Nemelex Xobeh.
 16199 | D:11     | Noticed a boulder beetle
 16219 | D:11     | Slain by a boulder beetle

Illustrated notes

Levels and vault maps discovered:
D:1:      dpeg_arrival_erosion, layout_loops_corners
D:2:      layout_rooms, minmay_pentomino_pile
D:3:      layout_rooms, lemuel_coloured_pillars_altar, lemuel_crystal_altar,
          zin_treasury, uniq_grinder, uniq_ijyb, uniq_crazy_yiuf_cottage
D:4:      layout_basic, makhleb_altar_promises_db,
          gammafunk_temple_overflow_wave, gammafunk_temple_overflow_pools,
          nicolae_dithmenos_shadow_blocks
D:5:      layout_cave_pools, gup_sewer_entry_glass, gammafunk_ghost_cemetery
D:6:      layout_basic, minmay_temple_entry_slanted, serial_shops,
          nicolae_shop_crystal, shop, hellmonk_ghost_happy_afterlife,
          uniq_eustachio
D:7:      layout_basic, kennysheep_mini_moat, water_maze_lemuel, uniq_menkaure,
          uniq_prince_ribbit1
D:8:      cheibrodos_helix_gallery, layout_basic, kennysheep_mini, uniq_psyche,
          uniq_joseph, uniq_erica
D:9:      layout_basic, marbit_many_paths, elyvilon_altar_5, dpeg_oklobed_lair
D:10:     layout_roguey [special_room_orc], erik_orc_2,
          minmay_statue_crystal_thing, uniq_fannar, uniq_urug, uniq_grum
D:11:     nzn_winding_woodlands_stair_trap [nzn_winding_woodlands_5x15_crooked,
          nzn_winding_woodlands_5x15_jagged,
          nzn_winding_woodlands_5x15_pathside_ponds,
          nzn_winding_woodlands_15x15_thick_spiral,
          nzn_winding_woodlands_5x15_split_checker,
          nzn_winding_woodlands_5x15_longhouse,
          nzn_winding_woodlands_5x15_garden], layout_basic,
          nemelex_diamond_rough_becter
Temple:   kb_temple_of_zot

Skill      XL: |  1  2  3  4  5  6  7  8  9 10 11 12 |
---------------+-------------------------------------+-----
Long Blades    | 4 5 6 8 9 11 12 14 | 14.5
Armour         | 1 3 4 5 8 9 10 11 | 11.1
Fighting       | 3 4 5 7 8 10 11 | 11.3
Dodging        | 4 5 6 7 8 |  8.4
Shields        | 1 2 4 5 7 |  7.3
Stealth        | 1 2 3 |  3.5
Bows           | 4 |  4.3
Throwing       | |  2.4

Action                   |  1- 3 |  4- 6 |  7- 9 | 10-12 || total
-------------------------+-------+-------+-------+-------++-------
Melee: Long sword        |    82 |   125 |   418 |    37 ||   662
       Headbutt          |    12 |    27 |    84 |   172 ||   295
       Scimitar          |       |       |       |   616 ||   616
 Fire: Shortbow          |       |       |       |    32 ||    32
Throw: Javelin           |       |       |     2 |       ||     2
  Use: Potion            |       |     2 |     4 |     9 ||    15
       Scroll            |       |    10 |     9 |     2 ||    21
 Stab: Sleeping          |       |       |     1 |     4 ||     5
       Distracted        |       |       |       |     2 ||     2
Armor: Leather armour    |     9 |       |       |       ||     9
       Ring mail         |     6 |       |       |       ||     6
       Scale mail        |       |    67 |   158 |   177 ||   402
Dodge: Dodged            |    84 |    86 |   211 |   328 ||   709
Block: Buckler           |       |    17 |    51 |   124 ||   192
       Rpst.: Long sword |    18 |    27 |    48 |       ||    93
       Scimitar          |       |       |       |    78 ||    78
